[Event "Titled Tuesday Blitz March 28 Early 2023"]
[White "BenchGM"]
[Black "Kriti Mayur Patel"]
[BlackFideId "35061780"]
[WhiteElo "2356"]
[BlackElo "1306"]
[Result "1-0"]
[Round "08"]
[TimeControl "180+2"]
[Date "2023.03.28"]
[WhiteClock "0:01:33"]
[BlackClock "0:00:18"]

1. d4 d5 2. Nf3 Nf6 3. Bg5 e6 4. e3 Be7 5. Bd3 O-O 6. Nbd2 h6 7. Bf4 c5 8. c3 Nc6 9. Ne5 Nxe5 10. dxe5 Nd7 11. e4 dxe4 12. Nxe4 Qc7 13. Qh5 f5 14. exf6 Qxf4 15. fxe7 Ne5 16. exf8=Q+ Kxf8 17. Qe2 Bd7 18. O-O Bc6 19. Bc2 Rd8 20. Nxc5 Nf3+ 21. Qxf3 Qxf3 22. gxf3 Ke7 23. Be4 Bb5 24. Rfd1 Rf8 25. a4 Be2 26. Rd7+ Kf6 27. Rxb7 Ke5 28. Nd7+ Kf4 29. Nxf8 e5 30. Ne6# 1-0


[Site "https://www.chess.com"]

[Event "Titled Tuesday Blitz March 28 Early 2023"]
[White "Zampronha, Wladimir Camilo"]
[Black "Rose, Felix"]
[WhiteFideId "2103087"]
[BlackFideId "5105722"]
[WhiteElo "2176"]
[BlackElo "2039"]
[Result "1-0"]
[Round "08"]
[TimeControl "180+2"]
[Date "2023.03.28"]
[WhiteClock "0:01:36"]
[BlackClock "0:01:07"]

1. e4 e5 2. Nf3 Nc6 3. d4 exd4 4. Nxd4 Nf6 5. Nxc6 bxc6 6. e5 Qe7 7. Qe2 Nd5 8. c4 Ba6 9. b3 g6 10. f4 Bg7 11. Qf2 Nxf4 12. Bxf4 Bxe5 13. Bxe5 Qxe5+ 14. Qe2 Qxe2+ 15. Bxe2 O-O 16. Kf2 d5 17. Nd2 Rfe8 18. Rhe1 Re6 19. Bf3 dxc4 20. Rxe6 fxe6 21. Nxc4 Bxc4 22. bxc4 Rb8 23. Re1 Rb4 24. Rxe6 Rxc4 25. Rxc6 Ra4 26. Bd5+ Kg7 27. Rxc7+ Kh6 28. Bg8 Kg5 29. Rxh7 Rf4+ 30. Kg3 Rg4+ 31. Kh3 a5 32. g3 a4 33. Ra7 Rb4 34. Ra5+ Kh6 35. Bf7 Kg7 36. Be8 Re4 37. Bxa4 Kh6 38. Bc2 Re6 39. Rc5 g5 40. a4 Kh5 41. Bd1+ Kh6 42. a5 Re1 43. Bg4 Ra1 44. Rc6+ Kg7 45. a6 Ra2 46. Bc8 Ra4 47. Bb7 g4+ 48. Kh4 Kh7 49. Kg5 Kg7 50. Rc7+ Kh8 51. Kg6 1-0


[Site "https://www.chess.com"]

[Event "Titled Tuesday Blitz March 28 Early 2023"]
[White "Garrido, Denis"]
[Black "Tagliata"]
[WhiteFideId "601217"]
[WhiteElo "2281"]
[BlackElo "2206"]
[Result "0-1"]
[Round "08"]
[TimeControl "180+2"]
[Date "2023.03.28"]
[WhiteClock "0:00:15"]
[BlackClock "0:00:14"]

1. e4 c5 2. Nf3 Nc6 3. d4 cxd4 4. Nxd4 Nf6 5. Nc3 e5 6. Ndb5 d6 7. Bg5 a6 8. Na3 b5 9. Nd5 Be7 10. Bxf6 Bxf6 11. c3 O-O 12. Nc2 Rb8 13. h4 g6 14. Bd3 Be6 15. Nce3 Bxh4 16. Qf3 Bg5 17. g4 Bxd5 18. Nxd5 Kg7 19. Ke2 Ne7 20. Ne3 b4 21. c4 Nc6 22. Qh3 Nd4+ 23. Kf1 h6 24. Kg2 Ne6 25. Nd5 a5 26. b3 Rc8 27. Rad1 Rc5 28. Qf3 Nd4 29. Qh3 Qa8 30. Kf1 a4 31. Rh2 axb3 32. axb3 Qa2 33. f4 Qxb3 34. fxg5 Qxd1+ 35. Kf2 Qd2+ 36. Kf1 Qd1+ 37. Kf2 h5 38. gxh5 gxh5 39. Nf6 Qd2+ 40. Kf1 Qf4+ 41. Rf2 Qc1+ 42. Kg2 Rh8 43. Nxh5+ Kf8 44. g6 Qg5+ 45. Kf1 Rxh5 46. Rxf7+ Kg8 47. Rg7+ Kxg7 48. Qd7+ Kxg6 49. Qe8+ Kg7 50. Qd7+ Kg8 51. Qe8+ Kh7 52. Qf7+ Kh6 53. Qf8+ Qg7 54. Qxd6+ Kh7 55. Qxc5 Rh1+ 56. Kf2 Qg1# 0-1


[Site "https://www.chess.com"]

[Event "Titled Tuesday Blitz March 28 Early 2023"]
[White "Clawitter, Craig"]
[Black "Kiseleva, Arina"]
[WhiteFideId "2023105"]
[BlackFideId "4164989"]
[WhiteElo "2244"]
[BlackElo "1756"]
[Result "0-1"]
[Round "08"]
[TimeControl "180+2"]
[Date "2023.03.28"]
[WhiteClock "0:00:07"]
[BlackClock "0:00:03"]

1. e4 c6 2. d4 d5 3. e5 Bf5 4. Nf3 e6 5. Be2 h6 6. Nbd2 c5 7. dxc5 Bxc5 8. Nb3 Bb6 9. c4 Ne7 10. O-O Nbc6 11. h3 dxc4 12. Bxc4 Be4 13. Nbd2 Bd5 14. Qa4 O-O 15. Bxd5 Qxd5 16. Qg4 Nxe5 17. Nxe5 Qxe5 18. Nc4 Qf5 19. Nxb6 Qxg4 20. hxg4 axb6 21. a3 Ra4 22. f3 Rc8 23. Be3 Rc2 24. Rf2 Rxf2 25. Kxf2 Nd5 26. Rc1 b5 27. Rc8+ Kh7 28. Rb8 Nxe3 29. Kxe3 b4 30. Rxb7 bxa3 31. bxa3 Rxa3+ 32. Kf4 Kg6 33. Rb5 Kf6 34. Kg3 g6 35. Kf4 Ra2 36. Kg3 Rd2 37. Ra5 Rd5 38. Ra4 g5 39. Kf2 Ke5 40. Ke3 Rb5 41. g3 Rb3+ 42. Kf2 Rb2+ 43. Ke3 Rb3+ 44. Kf2 f5 45. f4+ Kf6 46. gxf5 Kxf5 47. fxg5 hxg5 48. Kg2 e5 49. Kf2 g4 50. Kg2 Rb2+ 51. Kg1 e4 52. Ra5+ Kf6 53. Ra6+ Ke5 54. Ra8 Kd4 55. Rd8+ Ke3 56. Re8 Kf3 57. Re7 e3 58. Rf7+ Kxg3 0-1


[Site "https://www.chess.com"]

[Event "Titled Tuesday Blitz March 28 Early 2023"]
[White "Ramirez, Maria Eugenia"]
[Black "Lauridsen, Jesper Morch"]
[WhiteFideId "3301680"]
[BlackFideId "1401890"]
[WhiteElo "1842"]
[BlackElo "2241"]
[Result "1-0"]
[Round "08"]
[TimeControl "180+2"]
[Date "2023.03.28"]
[WhiteClock "0:00:19"]
[BlackClock "0:00:01"]

1. e4 c5 2. c3 d5 3. exd5 Qxd5 4. d4 cxd4 5. cxd4 e6 6. Nf3 Nf6 7. Nc3 Bb4 8. Be2 Bd7 9. O-O Bxc3 10. bxc3 O-O 11. c4 Qe4 12. Bd3 Qg4 13. h3 Qh5 14. Be2 Nc6 15. Be3 Qa5 16. Qb3 Rfd8 17. Rfb1 b6 18. Bd2 Qa6 19. Re1 Na5 20. Qe3 Nxc4 21. Qc3 Rac8 22. Bg5 Ne4 23. Qd3 Nxg5 24. Nxg5 g6 25. Qf3 f5 26. Qg3 Qa3 27. Qh4 Qe7 28. d5 Nd2 29. dxe6 Bc6 30. Ba6 Rb8 31. Qh6 b5 32. Nf7 Rd4 33. Qe3 Rd5 34. Qc3 Qxe6 35. Rxe6 1-0


[Site "https://www.chess.com"]

[Event "Titled Tuesday Blitz March 28 Early 2023"]
[White "Cella, Glaucio Dalla Cortt"]
[Black "Ciuffoletti, Paolo"]
[WhiteFideId "2119455"]
[BlackFideId "807630"]
[WhiteElo "2011"]
[BlackElo "2143"]
[Result "1-0"]
[Round "08"]
[TimeControl "180+2"]
[Date "2023.03.28"]
[WhiteClock "0:01:40"]
[BlackClock "0:00:09"]

1. e4 c5 2. Nf3 Nc6 3. c3 d5 4. exd5 Qxd5 5. Na3 Nf6 6. d4 Bg4 7. Be2 e6 8. Nb5 Qd8 9. Bf4 Nd5 10. Bg5 f6 11. c4 Nc7 12. Bf4 Nxb5 13. cxb5 Bxf3 14. Bxf3 Nxd4 15. Bxb7 e5 16. Be3 Rb8 17. Bc6+ Nxc6 18. bxc6 Qa5+ 19. Bd2 Qb6 20. Qa4 Qb5 21. c7 1-0


[Site "https://www.chess.com"]

[Event "Titled Tuesday Blitz March 28 Early 2023"]
[White "Sanchez, Robert"]
[Black "Kaplan, Avi Harrison"]
[WhiteFideId "2034360"]
[BlackFideId "30934559"]
[WhiteElo "2135"]
[BlackElo "1983"]
[Result "0-1"]
[Round "08"]
[TimeControl "180+2"]
[Date "2023.03.28"]
[WhiteClock "0:00:23"]
[BlackClock "0:00:28"]

1. e4 Nh6 2. d4 g6 3. Nc3 Bg7 4. Be3 O-O 5. f3 f5 6. Qd2 e5 7. dxe5 fxe4 8. O-O-O Nf5 9. f4 Nxe3 10. Qxe3 Nc6 11. Nxe4 d5 12. Ng5 h6 13. N5h3 d4 14. Qd2 Qd5 15. Kb1 Be6 16. b3 b5 17. Bd3 a6 18. Re1 a5 19. Be4 Qc5 20. Bxg6 a4 21. f5 axb3 22. fxe6 bxa2+ 23. Ka1 Nxe5 24. Bd3 Nc4 25. Qc1 Qb4 26. Ne2 Ra6 27. Rhf1 Rfa8 28. Rf7 Qb1+ 29. Qxb1 axb1=R+ 30. Kxb1 Ra1# 0-1


[Site "https://www.chess.com"]

[Event "Titled Tuesday Blitz March 28 Early 2023"]
[White "Novikova, Galina"]
[Black "Better_Chess_Faster"]
[WhiteFideId "4157095"]
[WhiteElo "1953"]
[BlackElo "1987"]
[Result "1-0"]
[Round "08"]
[TimeControl "180+2"]
[Date "2023.03.28"]
[WhiteClock "0:01:46"]
[BlackClock "0:00:01"]

1. b3 d5 2. Bb2 c5 3. Nf3 d4 4. e3 Bg4 5. Be2 Bxf3 6. Bxf3 Nc6 7. O-O Nf6 8. Na3 e5 9. exd4 exd4 10. Re1+ Be7 11. Qe2 Rc8 12. Nc4 Rc7 13. Ba3 O-O 14. d3 Nb4 15. Bxb4 cxb4 16. Qd2 Nd5 17. Bxd5 Qxd5 18. Re5 Qd7 19. Rae1 Bd6 20. R5e4 Bc5 21. g3 f5 22. Re6 f4 23. Qe2 Qf7 24. Re8 Rxe8 25. Qxe8+ Qxe8 26. Rxe8+ Kf7 27. Re4 fxg3 28. hxg3 b5 29. Ne5+ Kf6 30. Nf3 Rd7 31. Kg2 Bb6 32. Rf4+ Ke7 33. Ng5 h6 34. Ne4 Rc7 35. Rg4 g5 36. Kh3 Rxc2 37. f4 gxf4 38. gxf4 Rxa2 39. f5 Ra3 40. f6+ Kf8 41. Rg7 Rxb3 42. Kg4 Rxd3 43. Rh7 b3 44. Nd6 Kg8 45. Rg7+ Kf8 46. Rf7+ Kg8 47. Rg7+ Kf8 48. Rh7 Kg8 49. f7+ Kxh7 50. f8=Q 1-0


[Site "https://www.chess.com"]

[Event "Titled Tuesday Blitz March 28 Early 2023"]
[White "Chemin, Justo Reinaldo"]
[Black "Ardila, Oscar Humberto"]
[WhiteFideId "2101580"]
[BlackFideId "4404742"]
[WhiteElo "1940"]
[BlackElo "1911"]
[Result "0-1"]
[Round "08"]
[TimeControl "180+2"]
[Date "2023.03.28"]
[WhiteClock "0:00:02"]
[BlackClock "0:00:37"]

1. d4 Nf6 2. Nf3 b6 3. Nc3 Bb7 4. Bf4 e6 5. a3 Be7 6. e3 O-O 7. Bd3 d6 8. Qe2 Nbd7 9. h3 c5 10. dxc5 Nxc5 11. O-O-O Nxd3+ 12. Qxd3 d5 13. Kb1 Rc8 14. Rhe1 Qe8 15. Bg5 h6 16. Bxf6 Bxf6 17. Ne2 Rc4 18. Nd2 Rc7 19. e4 Qc8 20. e5 Be7 21. f4 a6 22. Nd4 b5 23. f5 Bc5 24. fxe6 fxe6 25. N2b3 Bb6 26. Qg6 Re7 27. Re3 a5 28. Rg3 a4 29. Nc1 Bxd4 30. Rxd4 Rf2 31. c3 Qf8 32. Qxh6 Qf5+ 33. Ka2 Qc2 34. Rb4 d4 35. Qg5 Bd5+ 36. Ka1 Ref7 37. Qd8+ Kh7 38. Qh4+ Kg8 39. Qd8+ Rf8 40. Qg5 g6 41. Rxb5 Rf1 42. Qxg6+ Qxg6 43. Rxg6+ Kh7 0-1


[Site "https://www.chess.com"]

[Event "Titled Tuesday Blitz March 28 Early 2023"]
[White "Lohani, Sujana"]
[Black "Orujov2008"]
[WhiteFideId "12311987"]
[WhiteElo "1718"]
[BlackElo "2277"]
[Result "0-1"]
[Round "08"]
[TimeControl "180+2"]
[Date "2023.03.28"]
[WhiteClock "0:00:01"]
[BlackClock "0:00:56"]

1. d4 Nf6 2. Nf3 e6 3. c4 d5 4. g3 Be7 5. Bg2 O-O 6. O-O dxc4 7. Ne5 Nd5 8. Nxc4 b5 9. Ne5 Bb7 10. Nc3 Nxc3 11. bxc3 Bxg2 12. Kxg2 Nc6 13. f4 Nxe5 14. fxe5 c5 15. e3 cxd4 16. exd4 Rc8 17. Qf3 Qd5 18. Bd2 Qxf3+ 19. Rxf3 Rfd8 20. Rb1 b4 21. cxb4 Rc2 22. Rf2 Rxd4 23. Be3 Rxf2+ 24. Kxf2 Rd7 25. Rc1 f6 26. Rc8+ Kf7 27. exf6 gxf6 28. b5 Rb7 29. a4 e5 30. Rc6 Bd8 31. Ra6 Bb6 32. Bxb6 axb6 33. Kf3 Ke6 34. g4 Kd5 35. Ra8 Rd7 36. h4 Kc5 37. Ke4 Rd4+ 38. Kf5 Rf4+ 39. Ke6 e4 40. g5 fxg5 41. hxg5 e3 42. Kd7 Re4 43. Rc8+ Kb4 44. Rc1 e2 45. Re1 Kxa4 46. Kc6 Ka5 47. Ra1+ Kb4 48. Re1 Kc3 49. Kxb6 Kd2 50. Rxe2+ Kxe2 51. Kc6 Re5 52. b6 Rxg5 53. b7 Rg8 54. Kc7 h5 0-1


[Site "https://www.chess.com"]

[Event "Titled Tuesday Blitz March 28 Early 2023"]
[White "Karthik Sai Ch"]
[Black "Nan, M K Khine Hlyan"]
[WhiteFideId "46649484"]
[BlackFideId "13002899"]
[WhiteElo "2003"]
[BlackElo "1943"]
[Result "1-0"]
[Round "08"]
[TimeControl "180+2"]
[Date "2023.03.28"]
[WhiteClock "0:00:16"]
[BlackClock "0:00:04"]

1. d4 d6 2. e4 Nf6 3. Nc3 g6 4. Nf3 Bg7 5. Be2 c5 6. O-O cxd4 7. Nxd4 O-O 8. f4 Qb6 9. Be3 Qxb2 10. Qd2 Qb4 11. Rab1 Qa5 12. Ndb5 a6 13. Nd4 Nc6 14. Nb3 Qd8 15. Bf3 Ng4 16. Bxg4 Bxg4 17. Nd5 Be6 18. Nb6 Rb8 19. Rfd1 Qc7 20. a4 Bg4 21. Rf1 Rbd8 22. Nd5 Qd7 23. Bb6 Rc8 24. h3 Be6 25. Ne3 f5 26. exf5 Bxf5 27. g4 Be4 28. Rbe1 d5 29. c4 d4 30. Nd1 Nb4 31. Qxb4 Qc6 32. Bxd4 Bh1 33. Rf2 Bxd4 34. Nxd4 Qd6 35. Qxd6 exd6 36. Kxh1 Rxc4 37. Ne6 Rxa4 38. f5 Rc8 39. f6 Kf7 40. Ng5+ Kf8 41. Nxh7+ Kf7 42. Ng5+ Kf8 43. f7 Kg7 44. Ne6+ Kh6 45. g5+ Kh5 46. f8=Q Rxf8 47. Rxf8 Kh4 48. Re3 Re4 49. Rh8# 1-0


[Site "https://www.chess.com"]

[Event "Titled Tuesday Blitz March 28 Early 2023"]
[White "rionelG"]
[Black "Semenova, Alina"]
[BlackFideId "24113875"]
[WhiteElo "2231"]
[BlackElo "1833"]
[Result "0-1"]
[Round "08"]
[TimeControl "180+2"]
[Date "2023.03.28"]
[WhiteClock "0:00:09"]
[BlackClock "0:00:16"]

1. e4 e5 2. Nf3 Nf6 3. Nc3 Bb4 4. Nxe5 d6 5. Nd3 Bxc3 6. dxc3 Nxe4 7. Be2 O-O 8. O-O Nc6 9. Bf3 Bf5 10. Re1 d5 11. Nf4 Ne7 12. Nxd5 Qxd5 13. Qxd5 Nxd5 14. Bxe4 Rfe8 15. f3 Nf6 16. Bf4 Nxe4 17. fxe4 Bxe4 18. Bxc7 Bxc2 19. Kf2 f6 20. Bf4 Kf7 21. Be3 Bf5 22. Bd4 b6 23. a4 Bd3 24. a5 bxa5 25. Rxa5 a6 26. b4 Rxe1 27. Kxe1 Bb5 28. Kf2 Ke6 29. Ra1 Kd5 30. Re1 Re8 31. Rd1 Kc4 32. g4 Re4 33. Rg1 g6 34. Kg3 f5 35. gxf5 gxf5 36. Rf1 Bd7 37. Rf4 Kd3 38. Bf6 h5 39. h4 Be6 40. Bd4 Bd7 41. Bf6 Be6 42. Bd4 Bd7 43. Rf3+ Kc4 44. Rf1 Rg4+ 45. Kh3 f4 46. Bf6 Rg1+ 0-1


[Site "https://www.chess.com"]

[Event "Titled Tuesday Blitz March 28 Early 2023"]
[White "Prado, Alexandra"]
[Black "Aanna12"]
[WhiteFideId "3301346"]
[WhiteElo "1759"]
[BlackElo "2204"]
[Result "1-0"]
[Round "08"]
[TimeControl "180+2"]
[Date "2023.03.28"]
[WhiteClock "0:00:59"]
[BlackClock "0:00:59"]

1. e4 c5 2. Nf3 d6 3. c3 Nf6 4. Be2 g6 5. O-O Bg7 6. Re1 O-O 7. Bf1 e5 8. a4 Nc6 9. Na3 d5 10. exd5 Nxd5 11. Nc4 Re8 12. d3 Qc7 13. a5 h6 14. d4 e4 15. dxc5 Nf4 16. Nd4 Bf8 17. Nb5 1-0


[Site "https://www.chess.com"]

[Event "Titled Tuesday Blitz March 28 Early 2023"]
[White "Hirneise, Jens"]
[Black "Necula, Iulian"]
[WhiteFideId "24614734"]
[BlackFideId "1232380"]
[WhiteElo "2345"]
[BlackElo "1790"]
[Result "1-0"]
[Round "08"]
[TimeControl "180+2"]
[Date "2023.03.28"]
[WhiteClock "0:02:37"]
[BlackClock "0:01:24"]

1. Nf3 d6 2. c4 f5 3. d4 Nf6 4. Nc3 g6 5. d5 Bg7 6. g3 O-O 7. Bg2 Na6 8. O-O Nc5 9. Nd4 a5 10. b3 Bd7 11. Bb2 h6 12. Re1 Qe8 13. e4 fxe4 14. Nxe4 Ncxe4 15. Bxe4 Nxe4 16. Rxe4 Bxd4 17. Qxd4 Rf6 18. Rae1 c5 19. dxc6 e5 20. cxd7 Qxd7 21. Qd5+ Kg7 22. Rxe5 1-0


[Site "https://www.chess.com"]

[Event "Titled Tuesday Blitz March 28 Early 2023"]
[White "Bashirli, Saadat"]
[Black "Jaivardhan Raj"]
[WhiteFideId "13429990"]
[BlackFideId "25744437"]
[WhiteElo "1408"]
[BlackElo "1772"]
[Result "1-0"]
[Round "08"]
[TimeControl "180+2"]
[Date "2023.03.28"]
[WhiteClock "0:00:56"]
[BlackClock "0:01:43"]

1. e4 c5 2. Nf3 e6 3. c4 Nc6 4. Nc3 e5 5. Be2 d6 6. O-O Be6 7. d3 g6 8. Be3 Bg7 9. h3 Nge7 10. Nh2 O-O 11. f4 f5 12. fxe5 Nxe5 13. exf5 Nxf5 14. Bf2 Nc6 15. Qc2 Ncd4 16. Qd2 Bh6 17. Qd1 Be3 18. Bg4 Bxf2+ 19. Rxf2 h5 20. Bxf5 Bxf5 21. Nf3 Nxf3+ 22. Rxf3 Qg5 23. Kh2 Qh4 24. Rf1 Qd4 25. Rf3 Qe5+ 26. Kh1 Qf6 27. Qd2 Qh4 28. Raf1 Rfe8 29. Nd5 Re5 30. Kh2 Rae8 31. Rf4 Qg5 32. h4 Qh6 33. Nf6+ Kg7 34. Nxe8+ Rxe8 35. Qc3+ Re5 36. d4 cxd4 37. Qxd4 g5 38. Rxf5 Qe6 39. Rxe5 dxe5 40. Qe4 g4 41. Rf5 g3+ 42. Kxg3 Kh6 43. Qxe5 Qg6+ 44. Rg5 Qd3+ 45. Kh2 Qg3+ 46. Qxg3 1-0


[Site "https://www.chess.com"]

[Event "Titled Tuesday Blitz March 28 Early 2023"]
[White "Tarnowska, Aleksandra"]
[Black "Cnejev, Vladimir-Alexandru"]
[WhiteFideId "1180967"]
[BlackFideId "1260898"]
[WhiteElo "1776"]
[BlackElo "2132"]
[Result "1-0"]
[Round "08"]
[TimeControl "180+2"]
[Date "2023.03.28"]
[WhiteClock "0:00:08"]
[BlackClock "0:00:48"]

1. e4 e5 2. Nf3 Nc6 3. Bb5 Nf6 4. O-O Nxe4 5. Re1 Nd6 6. Nxe5 Be7 7. Nxc6 dxc6 8. Ba4 O-O 9. d4 Nf5 10. c3 c5 11. d5 Bd6 12. Qh5 g6 13. Qg5 f6 14. Qd2 a6 15. Bc2 Bd7 16. c4 Nd4 17. Nc3 Re8 18. Bd3 Re4 19. Nxe4 Bf8 20. Qf4 f5 21. Ng5 h6 22. Ne6 Bxe6 23. dxe6 Qe7 24. Be3 Rd8 25. Bxd4 Rxd4 26. Qf3 b6 27. b3 Bg7 28. Rad1 Rd6 29. Bc2 Bd4 30. h3 Kg7 31. Qf4 b5 32. g4 fxg4 33. Qxg4 Qf6 34. Qg3 Rxe6 35. Rxe6 Qxe6 36. cxb5 Kf6 37. Qxg6+ Ke7 38. Qxe6+ Kxe6 39. bxa6 c4 40. bxc4 Bb6 41. Be4 Ke5 42. Bc6 h5 43. Rd5+ Ke6 44. Bd7+ Ke7 45. Bf5 h4 46. c5 Ba7 47. Rd7+ Kf6 48. Rxc7 Bb8 49. Rb7 Kxf5 50. Rxb8 Ke5 51. a7 Kd5 52. a8=Q+ Kxc5 53. Rc8+ Kd4 54. Qa4+ Ke5 55. Rc5+ Kd6 56. Rb5 Kc6 57. Qa6+ Kc7 58. Rb7+ 1-0


[Site "https://www.chess.com"]

[Event "Titled Tuesday Blitz March 28 Early 2023"]
[White "dorpato"]
[Black "Hartikainen, Jarmo"]
[BlackFideId "503134"]
[WhiteElo "2020"]
[BlackElo "2148"]
[Result "1-0"]
[Round "08"]
[TimeControl "180+2"]
[Date "2023.03.28"]
[WhiteClock "0:00:13"]
[BlackClock "0:00:03"]

1. d4 Nf6 2. Nf3 g6 3. e3 Bg7 4. Be2 d5 5. b3 c5 6. Bb2 Ne4 7. O-O O-O 8. Nbd2 Nc6 9. c4 cxd4 10. Nxe4 dxe4 11. Nxd4 Nxd4 12. Bxd4 e5 13. Bc3 Be6 14. Qc2 f5 15. Rad1 Qc7 16. Qb2 a5 17. Rd2 f4 18. Rfd1 fxe3 19. fxe3 h5 20. Rd6 Rfe8 21. Bxe5 Bg4 22. Bxg7 Qxg7 23. Qxg7+ Kxg7 24. Bxg4 hxg4 25. Rd7+ Kh6 26. Rxb7 Rad8 27. Rbd7 Rxd7 28. Rxd7 Kg5 29. Rd5+ Kf6 30. Rxa5 Rd8 31. Rd5 Ra8 32. a4 Rb8 33. Rb5 Rd8 34. Rd5 Rb8 35. Rd4 Rxb3 36. Rxe4 Kf5 37. Rf4+ Ke5 38. Rxg4 Rb4 39. Rxg6 Rxc4 40. a5 Ra4 41. a6 Ke4 42. Kf2 Ra2+ 43. Kg3 Kxe3 44. h4 Ke4 45. Kh3 Kf5 46. Rb6 Ra3+ 47. g3 Ra2 48. Rb5+ Kg6 49. Kg4 Rxa6 50. h5+ Kh7 51. Kh4 Ra1 52. g4 Rc1 53. Kg5 Rg1 54. Rb7+ Kg8 55. h6 Kf8 56. Kh5 Rh1+ 57. Kg6 Ke8 58. g5 Kd8 59. Kg7 Kc8 60. Rf7 Kd8 61. g6 Ke8 62. Ra7 Kd8 63. h7 Kc8 64. h8=Q+ Rxh8 65. Kxh8 Kb8 66. Rf7 Kc8 67. g7 Kd8 68. g8=Q# 1-0


[Site "https://www.chess.com"]

[Event "Titled Tuesday Blitz March 28 Early 2023"]
[White "Nakamura, Hikaru"]
[Black "Vachier-Lagrave, Maxime"]
[WhiteFideId "2016192"]
[BlackFideId "623539"]
[WhiteElo "2879"]
[BlackElo "2740"]
[Result "1/2-1/2"]
[Round "09"]
[TimeControl "180+2"]
[Date "2023.03.28"]
[WhiteClock "0:00:20"]
[BlackClock "0:00:25"]

1. e4 e5 2. Bc4 Nf6 3. d3 c6 4. Nf3 d5 5. Bb3 Bb4+ 6. Bd2 a5 7. a3 Bd6 8. Bg5 dxe4 9. dxe4 h6 10. Bxf6 Qxf6 11. Nbd2 a4 12. Ba2 Nd7 13. Nc4 Bc7 14. O-O Nc5 15. Nfd2 O-O 16. Qe2 Rd8 17. Rfd1 Ne6 18. Ne3 Nf4 19. Qf1 b5 20. Nf3 Bd7 21. Rd2 Ba5 22. c3 Be6 23. Bxe6 Qxe6 24. Rad1 Rxd2 25. Rxd2 Rd8 26. Qd1 Rxd2 27. Qxd2 Bb6 28. g3 Bxe3 29. Qxe3 Qg4 30. Kh1 Ng6 31. Ne1 Qd1 32. Kg2 f6 33. h4 Nf8 34. Nd3 Qc2 35. Kf3 h5 36. Qe2 Qxe2+ 37. Kxe2 Ne6 38. Nb4 c5 39. Nd5 c4 40. f4 Kf7 41. f5 Nc5 42. Ke3 Nb7 43. Nc7 Nd6 1/2-1/2


[Site "https://www.chess.com"]

[Event "Titled Tuesday Blitz March 28 Early 2023"]
[White "Giri, Anish"]
[Black "Firouzja, Alireza"]
[WhiteFideId "24116068"]
[BlackFideId "12573981"]
[WhiteElo "2807"]
[BlackElo "2904"]
[Result "1-0"]
[Round "09"]
[TimeControl "180+2"]
[Date "2023.03.28"]
[WhiteClock "0:00:05"]
[BlackClock "0:00:02"]

1. d4 Nf6 2. c4 g6 3. Nc3 Bg7 4. e4 d6 5. Nf3 O-O 6. Be2 e5 7. O-O Nc6 8. d5 Ne7 9. b4 a5 10. bxa5 c5 11. a4 Rxa5 12. Ra3 Ra6 13. Bd2 Kh8 14. Qc1 Nfg8 15. Nb5 f5 16. exf5 gxf5 17. Ng5 Ng6 18. Nxh7 f4 19. Nxf8 Bxf8 20. Nc3 Bf5 21. g4 Qg5 22. Kh1 Nh4 23. f3 Nf6 24. Be1 Bg6 25. Qd1 Rb6 26. Bd3 Rb2 27. Bxg6 Nxg6 28. Ra2 Rxa2 29. Nxa2 e4 30. fxe4 Nxg4 31. Qf3 N4e5 32. Qh3+ Kg8 33. Rg1 Qf6 34. Bh4 Qf7 35. Nc3 Bg7 36. Nd1 Nxc4 37. Be1 Nce5 38. Nf2 f3 39. Bd2 Nf4 40. Bxf4 Qxf4 41. Qc8+ Kh7 42. Qxb7 Qf6 43. a5 c4 44. a6 Nd3 45. Nxd3 cxd3 46. Qd7 f2 47. Qh3+ Kg8 48. Rf1 Qd4 49. Qf3 d2 50. Kg2 Be5 51. h4 Kg7 52. h5 Kh6 53. Qg4 Kh7 54. Qg6+ Kh8 55. Qe8+ Kh7 56. Qg6+ Kh8 57. Qg4 Qd3 58. h6 Kh7 59. a7 d1=Q 60. Rxd1 Qa3 61. Rf1 Qxa7 62. Rxf2 Kxh6 63. Rf3 Qa2+ 64. Rf2 Qa7 65. Qh3+ Kg7 66. Qf3 Qe7 67. Kh3 Kh8 68. Qh5+ Kg8 69. Rg2+ Bg7 70. Qg4 Kf8 71. Qf5+ Ke8 72. Rg6 Kd8 73. Qg5 1-0


[Site "https://www.chess.com"]

[Event "Titled Tuesday Blitz March 28 Early 2023"]
[White "Sarana, Alexey"]
[Black "Dubov, Daniil"]
[WhiteFideId "24133795"]
[BlackFideId "24126055"]
[WhiteElo "2714"]
[BlackElo "2802"]
[Result "0-1"]
[Round "09"]
[TimeControl "180+2"]
[Date "2023.03.28"]
[WhiteClock "0:00:04"]
[BlackClock "0:00:04"]

1. d4 d5 2. c4 e6 3. Nf3 Nf6 4. Nc3 Be7 5. Bf4 O-O 6. e3 c5 7. dxc5 Bxc5 8. a3 Nc6 9. cxd5 Nxd5 10. Nxd5 exd5 11. Bd3 Bd6 12. Bxd6 Qxd6 13. O-O Qf6 14. Bb5 Qxb2 15. Qxd5 Be6 16. Qc5 Rac8 17. Bxc6 Rxc6 18. Qxa7 Bd5 19. Qd4 Qxd4 20. Nxd4 Ra6 21. Rfc1 Rfa8 22. Rc3 g6 23. f3 Ra4 24. Kf2 Kg7 25. h4 h5 26. Kg3 Bc6 27. Nxc6 bxc6 28. e4 c5 29. Kf4 c4 30. Ke3 R8a7 31. Kd4 Rd7+ 32. Ke3 Rda7 33. Kd2 Rd7+ 34. Kc2 Rb7 35. Rb1 Rba7 36. Kb2 Rb7+ 37. Ka2 Rd7 38. Rb4 Rd2+ 39. Kb1 Ra7 40. Rb2 Rd4 41. Rbc2 Rd6 42. Ka2 Rda6 43. Rb2 Ra4 44. Rd2 Kf6 45. Rd5 Rc7 46. Kb2 Kg7 47. Rb5 Rd7 48. Rb4 Rd2+ 49. Kc1 Rxb4 50. axb4 Rxg2 51. b5 Ra2 52. Rxc4 g5 53. hxg5 h4 54. e5 h3 55. Rh4 Ra5 56. Rxh3 Rxb5 57. f4 Rb4 58. Rf3 Kg6 59. Kd2 Kf5 60. Ke3 Ra4 61. Rf1 Rb4 62. Kf3 Rxf4+ 63. Kg2 Rxf1 64. Kxf1 Kxe5 65. g6 fxg6 66. Kg1 Kf4 67. Kg2 Kg4 68. Kh2 Kf3 69. Kh3 g5 70. Kh2 g4 71. Kg1 Kg3 0-1


[Site "https://www.chess.com"]

[Event "Titled Tuesday Blitz March 28 Early 2023"]
[White "Deac, Bogdan-Daniel"]
[Black "Bortnyk, Olexandr"]
[WhiteFideId "1226380"]
[BlackFideId "14120828"]
[WhiteElo "2649"]
[BlackElo "2734"]
[Result "0-1"]
[Round "09"]
[TimeControl "180+2"]
[Date "2023.03.28"]
[WhiteClock "0:00:05"]
[BlackClock "0:00:55"]

1. e4 Nf6 2. e5 Nd5 3. d4 d6 4. c4 Nb6 5. f4 dxe5 6. fxe5 Bf5 7. Nf3 e6 8. Nc3 Bb4 9. Be2 c5 10. a3 Bxc3+ 11. bxc3 Nc6 12. O-O O-O 13. a4 Na5 14. Ba3 Nbxc4 15. Bxc4 Nxc4 16. Bxc5 Ne3 17. Qe2 Nxf1 18. Bxf8 Nxh2 19. Bd6 Nxf3+ 20. Qxf3 Qc8 21. a5 h6 22. Ra2 Kh7 23. Kh2 Bg6 24. Rb2 b6 25. a6 Qd8 26. Qb7 Qh4+ 27. Kg1 Qe1+ 28. Kh2 Be4 29. Qxf7 Qh4+ 30. Kg1 Qe1+ 31. Kh2 Qxc3 32. Re2 Qxd4 33. Qxe6 Bd3 34. Ra2 Qf4+ 35. Kg1 Bc4 0-1


[Site "https://www.chess.com"]

[Event "Titled Tuesday Blitz March 28 Early 2023"]
[White "Dardha, Daniel"]
[Black "So, Wesley"]
[WhiteFideId "240990"]
[BlackFideId "5202213"]
[WhiteElo "2581"]
[BlackElo "2739"]
[Result "0-1"]
[Round "09"]
[TimeControl "180+2"]
[Date "2023.03.28"]
[WhiteClock "0:00:01"]
[BlackClock "0:00:07"]

1. d4 Nf6 2. Bg5 c5 3. dxc5 e6 4. Nc3 Bxc5 5. e4 Nc6 6. Qd2 h6 7. Bh4 Bb4 8. Bd3 d5 9. exd5 exd5 10. a3 Ba5 11. b4 Bb6 12. Nge2 O-O 13. O-O Be6 14. Na4 Bc7 15. Nc5 Rb8 16. Nf4 Re8 17. Nfxe6 fxe6 18. Bg6 Re7 19. Bxf6 Qd6 20. g3 gxf6 21. Qxh6 Bb6 22. Rae1 Ne5 23. f4 Bxc5+ 24. bxc5 Qxc5+ 25. Kh1 Ng4 26. Qh4 Ne3 27. Rf3 d4 28. Qxf6 Qd5 29. Rxe3 dxe3 30. Kg2 Rg7 31. Bd3 Rf8 32. Qc3 Rxf4 0-1


[Site "https://www.chess.com"]